 Dungeon Crawl Stone Soup version 0.29.0-11-gd7f09526c8 (webtiles) character file.

Game seed: 8702863168903772772

3488 Arcadio the Covert (level 10, 0/75 HPs)
             Began as a Naga Ice Elementalist on Sept 2, 2022.
             Was a Priest of Cheibriados.
             Slain by an orc knight
             ... wielding a +0 war axe
              (21 damage)
             ... in a bailey.
             The game lasted 00:21:39 (8627 turns).

Arcadio the Covert (Naga Ice Elementalist)          Turns: 8627, Time: 00:21:39

Health: 0/75       AC: 23    Str: 17    XL:     10   Next: 7%
Magic:  7/21       EV: 10    Int: 33    God:    Cheibriados [***...]
Gold:   662        SH:  0    Dex: 23    Spells: 8/24 levels left

rFire   . . .      SeeInvis +   B - +10 dagger of Change {freeze, rElec rN+ Dex+3}
rCold   . . .      Faith    .   (no shield)
rNeg    + . .      Spirit   .   k - +3 leather armour of Duck's Teeth {+Inv Will- Int+7 Stlth+}
rPois   +          Reflect  .   i - +1 helmet
rElec   +          Harm     .   K - +0 cloak
rCorr   .          Rampage  .   G - +0 pair of gloves
Will    .....                   (no barding)
Stlth   ++++++....              (no amulet)
HPRegen 0.22/turn               I - +4 ring of slaying
MPRegen 0.17/turn               v - +4 ring of protection

@: ice-armoured, freezing walls, very slow
A: AC +3, large, see invisible, deformed body, poison resistance, slowness 2,
spit poison 1, naga tail 1
a: Spit Poison, Renounce Religion, Evoke Invisibility, Bend Time, Temporal
Distortion


You were in a bailey.
You worshipped Cheibriados.
Cheibriados was most pleased with you.
You visited 2 branches of the dungeon, and saw 9 of its levels.
You also visited: Bailey.

You collected 688 gold pieces.
You spent 26 gold pieces at shops.

Inventory:

Hand Weapons
 d - a +0 short sword
 e - a +1 dagger of freezing
 x - a +0 dagger of speed
 B - the +10 dagger of Change (weapon) {freeze, rElec rN+ Dex+3}
   (You found it on level 4 of the Dungeon)

   It freezes those it strikes, dealing additional cold damage.
   It can also slow down cold-blooded creatures.
   Dex:       It affects your dexterity (+3).
   rElec:     It insulates you from electricity.
   rN:        It protects you from negative energy.
 E - a +2 flail of holy wrath
Armour
 a - a +0 robe
 i - a +1 helmet (worn)
 k - the +3 leather armour of Duck's Teeth (worn) {+Inv Will- Int+7 Stlth+}
   (You found it on level 2 of the Dungeon)

   Int:       It affects your intelligence (+7).
   +Inv:      It lets you turn invisible.
   Will:      It decreases your willpower.
   Stlth:     It makes you more stealthy.
 G - a +0 pair of gloves (worn)
 K - a +0 cloak (worn)
Jewellery
 f - a ring of magical power
 v - a +4 ring of protection (right hand)
 y - a ring of protection from cold
 A - a ring of fire
 I - a +4 ring of slaying (left hand)
Wands
 m - a wand of flame (26)
 D - a wand of paralysis (6)
 H - a wand of acid (13)
Scrolls
 c - 4 scrolls of blinking
 h - 3 scrolls of teleportation
 l - a scroll of identify
 o - 3 scrolls of amnesia
 t - 3 scrolls of noise
 w - a scroll of torment
 C - a scroll of immolation
Potions
 b - 2 potions of magic
 g - a potion of might
 j - 2 potions of flight
 n - 4 potions of ambrosia
 p - a potion of lignification
 q - 7 potions of mutation
 r - a potion of brilliance
 s - a potion of cancellation {unknown}
 u - a potion of heal wounds
 z - 2 potions of curing
 J - a potion of invisibility


   Skills:
 - Level 1.5 Dodging
 + Level 12.7 Stealth
 + Level 7.7 Spellcasting
 + Level 9.2 Ice Magic


You had 8 spell levels left.
You knew the following spells:

 Your Spells              Type           Power      Damage    Failure   Level
a - Freeze                Ice            100%       1d11      1%          1
b - Frozen Ramparts       Ice            100%       1d16      1%          3
c - Ozocubu's Armour      Ice            65%        N/A       1%          3
d - Hailstorm             Conj/Ice       43%        3d10      7%          4
e - Freezing Cloud        Conj/Ice/Air   16%        6-21      34%         5

Your spell library contained the following spells:

 Spells                   Type           Power      Damage    Failure   Level
 Apportation              Tloc           24%        N/A       4%          1
 Summon Small Mammal      Summ           48%        N/A       4%          1
 Call Canine Familiar     Summ           12%        N/A       13%         3
 Dazzling Flash           Conj/Hex       24%        N/A       13%         3
 Ignite Poison            Fire/Tmut/Pois 12%        N/A       13%         3
 Mephitic Cloud           Conj/Pois/Air  12%        N/A       13%         3
 Summon Guardian Golem    Hex/Summ       12%        N/A       13%         3
 Agony                    Necr           12%        N/A       77%         5
 Alistair's Intoxication  Tmut/Pois      8%         N/A       77%         5
 Silence                  Hex/Air        6%         N/A       77%         5


Dungeon Overview and Level Annotations

Branches:
Dungeon (8/15) Zot: 40115  Temple (1/1) D:5 Zot: 8973  Bailey (1/1) Zot: 8757
   Lair: D:8-11

Altars:
Ashenzari
Cheibriados
Fedhas
Gozag
Hepliaklqana
Makhleb
Qazlal
Ru
Sif Muna
Uskayaw
Vehumet
Zin
The Shining One

Shops:
D:5 ?   D:6 *

Annotations:
D:3 2 transporters, Shym's ghost, amateur GrFi
D:6 3 runed translucent doors, sobakacece's ghost, novice MfGl


Innate Abilities, Weirdness & Mutations

Your serpentine skin is tough. (AC +3)
You have supernaturally acute eyesight. (SInv)
Armour fits poorly on your strangely shaped body.
Your system is resistant to poisons. (rPois)
You cover ground very slowly.
You can spit poison.
You have a snake-like lower body.


Message History

The wall freezes the orc knight.
The orc knight barely misses you.
The kobold resists.
The wall freezes the kobold.
The kobold closely misses you.
You hit the orc knight but do no damage.
The orc knight is severely wounded.
The wall freezes the orc knight.
The wall freezes the orc knight!
The orc knight misses you.
The kobold resists.
The wall freezes the kobold.
You kill the kobold!
Cheibriados thoroughly appreciates the change of pace.
You hit the orc knight. You freeze the orc knight.
The orc knight is almost dead.
The frozen ramparts melt away.
The orc knight barely misses you.
Casting: Hailstorm (dangerous; 8% risk of failure)
Confirm with . or Enter, or press ? or * to list all spells.
A film of ice covers your body!
The orc knight roars a battlecry!
The orc knight goes into a battle-frenzy!
The orc knight hits you with a +0 war axe!
Casting: Ozocubu's Armour (safe; 1% risk of failure)
Confirm with . or Enter, or press ? or * to list all spells.
Casting: Frozen Ramparts (safe; 1% risk of failure)
Press: ? - help, Dir - look around, f - activate An open door, spattered with blood.
The walls around you are covered in ice.
The wall freezes the orc knight!
You kill the orc knight!
Cheibriados appreciates the change of pace.
The wall freezes the orc knight!
The orc knight hits you with a +0 war axe!!
* * * LOW HITPOINT WARNING * * *
The wall freezes the goblin!
You kill the goblin!
Cheibriados appreciates the change of pace.
Your Ice Magic skill increases to level 9!
You have reached level 10!
You feel much better.
The wall freezes the orc knight.
The orc knight hits you with a +0 war axe!!
* * * LOW HITPOINT WARNING * * *
You feel much better.
The wall freezes the orc knight!
The orc knight hits you with a +0 war axe!!
You die...

≈≈≈#########≈≈≈≈≈.(....##
≈≈K#...!oo.#∩≈≈≈≈≈≈(....##
##
#.......####.≈≈)≈≈≈≈≈≈≈#
#+# ##..#.....≈≈≈≈≈≈≈
....###......####
###).#.'.....###
#.)###.......#
#o)#....⌠.....#
##@#.........##
#)..........##
....(........####
.#############


You could see an orc knight (strong).

Vanquished Creatures
  An orc knight (Bailey)
  Psyche (D:8)
  Eustachio (D:5)
  Duvessa (D:7)
  3 water moccasins
  3 black bears
  2 sky beasts
  An orc warrior (Bailey)
  3 ice beasts
  2 ogres
  2 phantoms
  A kobold brigand (D:7)
  A necrophage (D:6)
  A bullfrog (D:7)
  A scorpion (D:4)
  Dowan (D:7)
  3 hounds
  4 orc priests
  2 iguanas
  4 orc wizards
  5 adders
  13 gnolls
  4 shadow imps
  4 white imps
  2 worms (D:3)
  5 dart slugs
  24 orcs
  17 ball pythons
  15 endoplasms
  4 giant cockroaches
  15 goblins
  12 hobgoblins
  22 kobolds
  3 quokkas
  6 bats
  3 frilled lizards
  6 rats
198 creatures vanquished.

Notes
Turn   | Place    | Note
-------+----------+-------------------------------------------
     0 | D:1      | Arcadio the Naga Ice Elementalist began the quest for the
                  | Orb.
     0 | D:1      | Reached XP level 1. HP: 15/15 MP: 3/3
   295 | D:1      | Reached XP level 2. HP: 22/22 MP: 3/5
  1324 | D:1      | Reached XP level 3. HP: 25/28 MP: 6/6
  1436 | D:1      | Reached skill level 4 in Stealth
  1440 | D:1      | Learned a level 3 spell: Frozen Ramparts
  1935 | D:1      | Found a faded altar of an unknown god.
  2432 | D:2      | Identified the +3 leather armour of Duck's Teeth {+Inv
                  | Will- Int+7 Stlth+}
  2556 | D:2      | Reached XP level 4. HP: 30/36 MP: 8/8
  2993 | D:3      | Reached skill level 5 in Stealth
  3019 | D:3      | Found a transporter.
  3054 | D:3      | Noticed Shym's ghost (amateur GrFi)
  3075 | D:3      | Found an opulent altar of Gozag.
  3091 | D:3      | Reached XP level 5. HP: 42/42 MP: 9/9
  3488 | D:3      | Reached skill level 5 in Ice Magic
  3591 | D:3      | Found a transporter.
  3709 | D:4      | Identified the +10 dagger of Change {freeze, rElec rN+
                  | Dex+3}
  3887 | D:4      | Reached XP level 6. HP: 49/49 MP: 11/11
  4015 | D:4      | Reached skill level 6 in Stealth
  4144 | D:4      | Learned a level 3 spell: Ozocubu's Armour
  4149 | D:4      | Learned a level 4 spell: Hailstorm
  4696 | D:5      | Entered Level 5 of the Dungeon
  4698 | D:5      | Noticed an ice beast
  4719 | D:4      | Reached XP level 7. HP: 28/55 MP: 11/13
  4734 | D:4      | Reached skill level 7 in Stealth
  5762 | D:5      | Found a staircase to the Ecumenical Temple.
  5771 | Temple   | Entered the Ecumenical Temple
  5778 | Temple   | Became a worshipper of Cheibriados the Contemplative
  5794 | D:5      | Reached skill level 8 in Stealth
  5833 | D:5      | Found Urimank's Magic Scroll Shoppe.
  5847 | D:5      | Bought a scroll of identify for 26 gold pieces
  6010 | D:5      | Noticed Eustachio
  6017 | D:5      | Killed Eustachio
  6018 | D:5      | Reached skill level 5 in Spellcasting
  6018 | D:5      | Reached XP level 8. HP: 56/62 MP: 8/15
  6491 | D:6      | Found Beobleodd's Assorted Antiques.
  6512 | D:6      | Found the +5 sword of Power {vorpal}
  6636 | D:6      | Reached * piety under Cheibriados
  6637 | D:6      | Reached skill level 9 in Stealth
  6786 | D:6      | Found a glowing golden altar of the Shining One.
  7251 | D:6      | Found a runed translucent gate.
  7251 | D:6      | Found a runed translucent gate.
  7251 | D:6      | Found a runed translucent gate.
  7253 | D:6      | Noticed sobakacece's ghost (novice MfGl)
  7417 | D:7      | Reached skill level 10 in Stealth
  7578 | D:7      | Reached XP level 9. HP: 68/68 MP: 18/18
  7585 | D:7      | Noticed Duvessa
  7587 | D:7      | Noticed Dowan
  7596 | D:7      | Killed Duvessa
  7597 | D:7      | Killed Dowan
  7643 | D:7      | Reached skill level 11 in Stealth
  7644 | D:7      | Reached ** piety under Cheibriados
  8041 | D:7      | Learned a level 5 spell: Freezing Cloud
  8315 | D:8      | Noticed Psyche
  8322 | D:8      | Killed Psyche
  8362 | D:8      | Reached skill level 12 in Stealth
  8399 | D:8      | Found a glowing silver altar of Zin.
  8434 | D:8      | Found a flagged portal.
  8448 | Bailey   | Entered a bailey
  8541 | Bailey   | Reached *** piety under Cheibriados
  8612 | Bailey   | Noticed an orc knight
  8620 | Bailey   | Noticed an orc knight
  8625 | Bailey   | Killed an orc knight
  8626 | Bailey   | Reached XP level 10. HP: 5/75 MP: 7/21
  8626 | Bailey   | HP: 2/75 [orc knight/+0 war axe (25)]
  8627 | Bailey   | Slain by an orc knight

Illustrated notes

Levels and vault maps discovered:
D:1:      lightli_molten_gateway, layout_loops_corners,
          ebering_ecumenical_altar_rust
D:2:      layout_loops_ring, minmay_misc_feat_alley, minmay_vboxes
D:3:      layout_rooms, nicolae_gozag_seed_capital, gammafunk_ghost_stat_death,
          chequers_serial_rivers_large_a, minmay_goblin_outpost
D:4:      layout_gridville
D:5:      layout_cave_pods, minmay_temple_entry_drinking_statues, serial_shops,
          nicolae_shop_stone, minivault_25, uniq_eustachio
D:6:      lemuel_ice_spiral_2, layout_basic, mainiacjoe_overflow_alcove_1,
          serial_shops, nicolae_shop_hallway_stairs, gammafunk_ghost_necromancy,
          kennysheep_crisscross
D:7:      layout_rooms, st_stairs_14, uniq_duvessa
D:8:      layout_basic, zin_academy, pdpol_wu_jian_five_deadly_venoms,
          enter_bailey_4, hangedman_glass_teeth, uniq_grum, uniq_psyche
Temple:   hellmonk_temple_micro_hex
Bailey:   bailey_axe_4, bailey

Skill      XL: |  1  2  3  4  5  6  7  8  9 |
---------------+----------------------------+-----
Stealth        | 4 5 6 8 10 12 | 12.7
Spellcasting   | 3 4 5 6 7 |  7.7
Ice Magic      | 5 6 7 9 |  9.2
Dodging        | |  1.5

Action                   |  1- 3 |  4- 6 |  7- 9 | 10-12 || total
-------------------------+-------+-------+-------+-------++-------
Melee: Unarmed           |     1 |       |       |       ||     1
       Short sword       |     5 |       |       |       ||     5
       Dagger            |    51 |   109 |   166 |       ||   326
       Punch             |       |     1 |     2 |       ||     3
 Cast: Freeze            |    39 |    17 |     4 |       ||    60
       Frozen Ramparts   |       |     7 |    15 |       ||    22
       Ozocubu's Armour  |       |     2 |     7 |       ||     9
       Hailstorm         |       |       |     1 |       ||     1
 Abil: Spit Poison       |     2 |     1 |     9 |       ||    12
Evoke: Wand              |       |       |     1 |       ||     1
  Use: Scroll            |     1 |     3 |    15 |       ||    19
       Potion            |       |     1 |     1 |     2 ||     4
 Stab: Sleeping          |     7 |    17 |     9 |       ||    33
Armor: Robe              |     5 |       |       |       ||     5
       Leather armour    |    11 |    87 |   106 |       ||   204
Dodge: Dodged            |    29 |    65 |   108 |       ||   202
